PAAA
FLORIDA MEN @ ROYSE CITY TARGARYENS
07/29/2022
 
TOP OF THE 1ST
Florida Men batting - Pitching for Royse City Targaryens : RHP Rodger de Meza
Pitching: RHP Rodger de Meza
Batting: RHB Albert Morales 0-0: Foul Ball, location: 2F
0-1: Fly out, F8 (Flyball, 8RM)
Batting: LHB Jim Unknown 0-0: Ball
1-0: SINGLE (Line Drive, 7LS)
Batting: RHB Carlos Rodríguez 0-0: Called Strike
0-1: Ball
1-1: Ball
2-1: SINGLE (Line Drive, 7S)
Jim Unknown to second
Batting: RHB Won-min Yi 0-0: Ball
1-0: Ball
2-0: Foul Ball, location: 2F
2-1: Foul Ball, location: 2F
2-2: Ball
3-2: SINGLE (Flyball, 89S)
Jim Unknown to third
Carlos Rodríguez to second
Runner from 3rd tries for Home, SAFE, no throw or cutoff
Batting: RHB Frank Collins 0-0: Ball
1-0: Called Strike
1-1: Ball
2-1: Swinging Strike
2-2: DOUBLE (Line Drive, 89M)
Carlos Rodríguez scores
Won-min Yi to third
Batting: RHB Jim Unknown 0-0: Ball
1-0: Fly out, F8 (Line Drive, 8LM)
Runner from 3rd tags up, SCORES, no throw
Batting: LHB Mito Rin 0-0: Called Strike
0-1: SINGLE (Groundball, 13) (infield hit)
Frank Collins to third
Batting: RHB Dave Knight 0-0: Called Strike
0-1: Swinging Strike
0-2: Ball
1-2: Ball
2-2: Strikes out swinging
Top of the 1st over - 3 run(s), 5 hit(s), 0 error(s), 2 left on base; Florida 3 - Royse City 0
BOTTOM OF THE 1ST
Royse City Targaryens batting - Pitching for Florida Men : LHP Jim Unknown
Pitching: LHP Jim Unknown
Batting: RHB Héctor Ruíz 0-0: Called Strike
0-1: Ball
1-1: Foul Ball, location: 2F
1-2: Ball
2-2: Ground out 6-3 (Groundball, 6MS)
Batting: RHB Dave Thompson 0-0: Ground out 5-3 (Groundball, 5S)
Batting: LHB Eduardo Álvarez 0-0: SINGLE (Groundball, 34D)
Batting: RHB Carl Good 0-0: Ball
1-0: Called Strike
1-1: Ball
2-1: Ball
3-1: Base on Balls
Eduardo Álvarez to second
Batting: SHB Eugene Parrish 0-0: 3-RUN HOME RUN (Flyball, 7D), Distance : 389 ft
Batting: RHB Bartolo Martínez 0-0: Ball
1-0: Foul Ball, location: 2F
1-1: Foul Ball, location: 2F
1-2: Ball
2-2: SINGLE (Line Drive, 6D)
Batting: RHB Sancho Balderas 0-0: Called Strike
0-1: Ball
1-1: Foul Ball, location: 2F
1-2: Ball
2-2: Ground out 4-3 (Groundball, 4)
Bottom of the 1st over - 3 run(s), 3 hit(s), 0 error(s), 1 left on base; Florida 3 - Royse City 3
TOP OF THE 2ND
Florida Men batting - Pitching for Royse City Targaryens : RHP Rodger de Meza
Batting: RHB Seon-keun Kim 0-0: Called Strike
0-1: Foul Ball, location: 2F
Error on foul ball, E3
0-2: Ball
1-2: SINGLE (Popup, 6MD)
Batting: RHB Albert Morales 0-0: Grounds into double play, 6-4-3 (Groundball, 6)
Batting: LHB Jim Unknown 0-0: Ball
1-0: Foul Ball, location: 2F
1-1: Ball
2-1: Foul Ball, location: 2F
2-2: Foul Ball, location: 2F
2-2: Foul Ball, location: 2F
2-2: Foul Ball, location: 2F
2-2: Ball
3-2: Base on Balls
Batting: RHB Carlos Rodríguez 0-0: Ball
1-0: Called Strike
1-1: Ground out 1-3 (Groundball, 15)
Top of the 2nd over - 0 run(s), 1 hit(s), 1 error(s), 1 left on base; Florida 3 - Royse City 3
BOTTOM OF THE 2ND
Royse City Targaryens batting - Pitching for Florida Men : LHP Jim Unknown
Batting: LHB Paul Wilson 0-0: Ball
1-0: Ball
2-0: Ball
3-0: SINGLE (Groundball, 6D)
Batting: RHB Miguel Márquez 0-0: Ball
1-0: Ball
2-0: Swinging Strike
2-1: Foul Ball, location: 2F
2-2: Ball
3-2: Fly out, F8 (Line Drive, 8LS)
3-2: Fly out, F8 (Line Drive, 8LS)
Batting: RHB Héctor Ruíz 0-0: Ball
1-0: Called Strike
1-1: Ball
2-1: SINGLE (Groundball, 34)
Paul Wilson to second
Runner from 2nd tries for 3rd, SAFE, no throw or cutoff
Batting: RHB Dave Thompson 0-0: Ball
1-0: Ball
2-0: Ball
3-0: Called Strike
3-1: Fly out, F9 (Flyball, 9LM)
Batting: LHB Eduardo Álvarez 0-0: Called Strike
0-1: Ball
1-1: Ball
2-1: Ball
3-1: Called Strike
3-2: DOUBLE (Groundball, 5L)
Paul Wilson scores
Héctor Ruíz to third
Héctor Ruíz scores
Batting: RHB Carl Good 0-0: Called Strike
Eduardo Álvarez steals 3rd base
0-1: Ground out 6-3 (Groundball, 6)
Bottom of the 2nd over - 2 run(s), 3 hit(s), 0 error(s), 1 left on base; Florida 3 - Royse City 5
TOP OF THE 3RD
Florida Men batting - Pitching for Royse City Targaryens : RHP Rodger de Meza
Batting: RHB Won-min Yi 0-0: Ball
1-0: Fly out, F8 (Flyball, 8RM)
Batting: RHB Frank Collins 0-0: Called Strike
0-1: Ball
1-1: Ball
2-1: Ball
3-1: Called Strike
3-2: Ground out 1-3 (Groundball, 15)
Batting: RHB Jim Unknown 0-0: Called Strike
0-1: Ball
1-1: Foul Ball, location: 2F
1-2: Strikes out looking
Top of the 3rd over - 0 run(s), 0 hit(s), 0 error(s), 0 left on base; Florida 3 - Royse City 5
BOTTOM OF THE 3RD
Royse City Targaryens batting - Pitching for Florida Men : LHP Jim Unknown
Batting: SHB Eugene Parrish 0-0: Ground out 6-3 (Groundball, 6M)
Batting: RHB Bartolo Martínez 0-0: Called Strike
0-1: Foul Ball, location: 2F
0-2: Ground out U3 (Groundball, 3)
Batting: RHB Sancho Balderas 0-0: Ball
1-0: Ball
2-0: SINGLE (Popup, 7S)
Batting: LHB Paul Wilson 0-0: Ball
1-0: Called Strike
1-1: Ground out U3 (Groundball, 3)
Bottom of the 3rd over - 0 run(s), 1 hit(s), 0 error(s), 1 left on base; Florida 3 - Royse City 5
TOP OF THE 4TH
Florida Men batting - Pitching for Royse City Targaryens : RHP Rodger de Meza
Batting: LHB Mito Rin 0-0: Foul Ball, location: 2F
0-1: Called Strike
0-2: Ball
Reached via error on a dropped throw, E3
Batting: RHB Dave Knight 0-0: Foul Ball, location: 2F
0-1: Called Strike
0-2: Ball
1-2: Fly out, F9 (Flyball, 9S)
Batting: RHB Seon-keun Kim 0-0: Fly out, F8 (Flyball, 8LS)
Batting: RHB Albert Morales 0-0: Ball
1-0: Foul Ball, location: 2F
1-1: Foul Ball, location: 2F
1-2: Foul Ball, location: 2F
1-2: Strikes out looking
Top of the 4th over - 0 run(s), 0 hit(s), 1 error(s), 1 left on base; Florida 3 - Royse City 5
BOTTOM OF THE 4TH
Royse City Targaryens batting - Pitching for Florida Men : LHP Jim Unknown
Batting: RHB Miguel Márquez 0-0: Ball
1-0: Called Strike
1-1: Ground out 6-3 (Groundball, 6)
Batting: RHB Héctor Ruíz 0-0: Foul Ball, location: 2F
0-1: Foul Ball, location: 2F
0-2: Ground out 5-3 (Groundball, 5L)
Batting: RHB Dave Thompson 0-0: Called Strike
0-1: Swinging Strike
0-2: Foul Ball, location: 2F
0-2: Fly out, F9 (Flyball, 89M)
Bottom of the 4th over - 0 run(s), 0 hit(s), 0 error(s), 0 left on base; Florida 3 - Royse City 5
TOP OF THE 5TH
Florida Men batting - Pitching for Royse City Targaryens : RHP Rodger de Meza
Batting: LHB Jim Unknown 0-0: Ball
1-0: Called Strike
1-1: Swinging Strike
1-2: Ball
2-2: Ball
3-2: Base on Balls
Batting: RHB Carlos Rodríguez 0-0: Called Strike
0-1: Ball
1-1: Ball
2-1: Ground out 2-3 (Groundball, 23)
Jim Unknown to second
Batting: RHB Won-min Yi 0-0: Foul Ball, location: 2F
0-1: Called Strike
0-2: Strikes out swinging
Batting: RHB Frank Collins 0-0: Ball
1-0: Called Strike
1-1: Fly out, F3 (Popup, 3F)
Top of the 5th over - 0 run(s), 0 hit(s), 0 error(s), 1 left on base; Florida 3 - Royse City 5
BOTTOM OF THE 5TH
Royse City Targaryens batting - Pitching for Florida Men : LHP Jim Unknown
Batting: LHB Eduardo Álvarez 0-0: Ball
1-0: Ground out 1-3 (Groundball, 15)
Batting: RHB Carl Good 0-0: Called Strike
0-1: Ball
1-1: Ball
2-1: Ball
3-1: Base on Balls
Batting: SHB Eugene Parrish 0-0: Ball
1-0: Fly out, F7 (Flyball, 7LM)
Batting: RHB Bartolo Martínez 0-0: Ball
1-0: Ball
2-0: Called Strike
2-1: DOUBLE (Line Drive, 3D)
Carl Good to third
Carl Good scores
Pitching: RHP Jeff Krause
Batting: RHB Sancho Balderas 0-0: Called Strike
0-1: Foul Ball, location: 2F
0-2: Ball
1-2: Ball
2-2: Strikes out swinging
Bottom of the 5th over - 1 run(s), 1 hit(s), 0 error(s), 1 left on base; Florida 3 - Royse City 6
TOP OF THE 6TH
Florida Men batting - Pitching for Royse City Targaryens : RHP Rodger de Meza
Batting: RHB Jim Unknown 0-0: Ball
1-0: Ball
2-0: Called Strike
2-1: Ball
3-1: Swinging Strike
3-2: Ground out 5-3 (Groundball, 5)
Batting: LHB Mito Rin 0-0: Ball
1-0: Foul Ball, location: 2F
1-1: Ball
2-1: Ball
3-1: Base on Balls
Pitching: LHP Jerry Clephane
Batting: RHB Dave Knight 0-0: Ball
1-0: Ball
2-0: Foul Ball, location: 2F
2-1: Called Strike
2-2: 2-RUN HOME RUN (Flyball, 89XD), Distance : 384 ft
Batting: RHB Seon-keun Kim 0-0: Ball
1-0: Ball
2-0: Swinging Strike
2-1: Foul Ball, location: 2F
2-2: Ball
3-2: Base on Balls
Batting: RHB Albert Morales 0-0: Fly out, F9 (Flyball, 9M)
Batting: LHB Jim Unknown 0-0: Ball
1-0: Called Strike
1-1: Ground out 1-3 (Groundball, 15)
Top of the 6th over - 2 run(s), 1 hit(s), 0 error(s), 1 left on base; Florida 5 - Royse City 6
BOTTOM OF THE 6TH
Royse City Targaryens batting - Pitching for Florida Men : RHP Jeff Krause
Batting: LHB Paul Wilson 0-0: Ball
1-0: Called Strike
1-1: Ball
2-1: Foul Ball, location: 2F
2-2: Fly out, F6 (Popup, 6MD)
Batting: RHB Miguel Márquez 0-0: Ball
1-0: Called Strike
1-1: Foul Ball, location: 2F
1-2: Ground out 4-3 (Groundball, 4MS)
Batting: RHB Héctor Ruíz 0-0: Swinging Strike
0-1: Ball
1-1: Ball
2-1: Foul Ball, location: 2F
2-2: Ball
3-2: Fly out, F7 (Flyball, 7LM)
Bottom of the 6th over - 0 run(s), 0 hit(s), 0 error(s), 0 left on base; Florida 5 - Royse City 6
TOP OF THE 7TH
Florida Men batting - Pitching for Royse City Targaryens : LHP Jerry Clephane
Batting: RHB Carlos Rodríguez 0-0: Ball
1-0: SINGLE (Groundball, 4M)
Batting: RHB Won-min Yi 0-0: Ground out 5-3 (Groundball, 5S)
Carlos Rodríguez to second
Batting: RHB Frank Collins 0-0: Ball
1-0: Called Strike
1-1: Ball
Wild Pitch!
Carlos Rodríguez to third
2-1: Foul Ball, location: 2F
2-2: Strikes out swinging
Batting: RHB Jim Unknown 0-0: SINGLE (Flyball, 8LS)
Carlos Rodríguez scores
Batting: LHB Mito Rin 0-0: Called Strike
0-1: Foul Ball, location: 2F
0-2: Ball
1-2: Foul Ball, location: 2F
1-2: Strikes out swinging
Top of the 7th over - 1 run(s), 2 hit(s), 0 error(s), 1 left on base; Florida 6 - Royse City 6
BOTTOM OF THE 7TH
Royse City Targaryens batting - Pitching for Florida Men : RHP Jeff Krause
Batting: RHB Dave Thompson 0-0: Ball
1-0: Foul Ball, location: 2F
1-1: SINGLE (Groundball, 56D)
Batting: LHB Eduardo Álvarez 0-0: Fly out, F8 (Flyball, 78S)
Batting: RHB Carl Good 0-0: Ball
1-0: Ball
2-0: Ball
3-0: Called Strike
3-1: Base on Balls
Dave Thompson to second
Pinch Runner at 2nd Jim Unknown:
Batting: SHB Eugene Parrish 0-0: Swinging Strike
0-1: Foul Ball, location: 2F
0-2: Ball
1-2: Foul Ball, location: 2F
1-2: Strikes out swinging
Batting: RHB Bartolo Martínez 0-0: Fly out, F3 (Popup, 23)
Bottom of the 7th over - 0 run(s), 1 hit(s), 0 error(s), 2 left on base; Florida 6 - Royse City 6
TOP OF THE 8TH
Florida Men batting - Pitching for Royse City Targaryens : LHP Jerry Clephane
Now in RF: Jim Unknown
Batting: RHB Dave Knight 0-0: Fly out, F9 (Flyball, 9S)
Batting: RHB Seon-keun Kim 0-0: Swinging Strike
0-1: Foul Ball, location: 2F
0-2: Ball
1-2: Ball
2-2: Strikes out swinging
Pitching: LHP Eugene Baker
Batting: RHB Albert Morales 0-0: SINGLE (Line Drive, 78S)
Pinch Hitting: RHB Luis Díaz 0-0: Ball
1-0: Ball
2-0: Foul Ball, location: 2F
2-1: Ball
3-1: Called Strike
3-2: Strikes out swinging
Top of the 8th over - 0 run(s), 1 hit(s), 0 error(s), 1 left on base; Florida 6 - Royse City 6
BOTTOM OF THE 8TH
Royse City Targaryens batting - Pitching for Florida Men : RHP Jeff Krause
Now in CF: Luis Gutiérrez
Batting: RHB Sancho Balderas 0-0: Called Strike
0-1: Ball
1-1: SINGLE (Groundball, 6MD)
Batting: LHB Paul Wilson 0-0: Ball
1-0: Ball
Throwing error on steal attempt, E2
Sancho Balderas to third
2-0: SINGLE (Line Drive, 6MD)
Sancho Balderas scores
Pinch Hitting: LHB Fernando Ramírez 0-0: Bunted foul
0-1: Sac Bunt - play at second, runner OUT -> throw to first, DP!
Batting: RHB Héctor Ruíz 0-0: Swinging Strike
0-1: Swinging Strike
0-2: Strikes out swinging
Bottom of the 8th over - 1 run(s), 2 hit(s), 1 error(s), 0 left on base; Florida 6 - Royse City 7
TOP OF THE 9TH
Florida Men batting - Pitching for Royse City Targaryens : LHP Eugene Baker
Pitching: RHP Mauro Marín
Now at 2B: Domingo García
Batting: RHB Carlos Rodríguez 0-0: Foul Ball, location: 2F
0-1: Ball
1-1: Ball
2-1: Ball
3-1: Base on Balls
Batting: RHB Won-min Yi 0-0: Ball
1-0: Called Strike
1-1: Grounds into double play, 5-4-3 (Groundball, 56)
Batting: RHB Frank Collins 0-0: Called Strike
0-1: Foul Ball, location: 2F
0-2: Foul Ball, location: 2F
0-2: Ball
1-2: Foul Ball, location: 2F
1-2: Ball
2-2: Ground out 5-3 (Groundball, 5S)
Top of the 9th over - 0 run(s), 0 hit(s), 0 error(s), 0 left on base; Florida 6 - Royse City 7
This league is powered by Out of the Park Baseball, the baseball management simulation game for PC, Mac and Linux
Friday, April 15th, 2016 - OOTP Baseball 16.9 Build 39